 Dungeon Crawl Stone Soup version 0.26.1-2-gb8aa6d0cf2 (webtiles) character file.

Game seed: 6328997838807562811

138 leviel the Ducker (level 5, -2/35 HPs)
             Began as a Merfolk Venom Mage on Mar 21, 2021.
             Blown up by Ijyb (25 damage)
             ... with a disintegration bolt
             ... on level 3 of the Dungeon.
             The game lasted 00:15:02 (2731 turns).

leviel the Ducker (Merfolk Venom Mage)              Turns: 2731, Time: 00:15:02

Health: -2/35      AC:  5    Str:  8    XL:     5   Next: 21%
Magic:  3/8        EV: 14    Int: 15    God:
Gold:   136        SH:  0    Dex: 15    Spells: 8/9 levels left

rFire    . . .     SeeInvis .   (no weapon)
rCold    . . .     Faith    .   (no shield)
rNeg     . . .     Spirit   .   a - +0 robe
rPois    .         Reflect  .   (no helmet)
rElec    .         Harm     .   h - +0 cloak
rCorr    .         Rampage  .   (no gloves)
Will     .....                  k - +1 pair of boots
Stlth    ++........             (no amulet)
HPRegen  0.11/turn              (no ring)
MPRegen  0.11/turn              (no ring)

@: no status effects
A: change form in water, swift swim, stealthy swim
a: no special abilities


You were on level 3 of the Dungeon.
You visited 1 branch of the dungeon, and saw 3 of its levels.

You collected 136 gold pieces.

Inventory:

Missiles
 d - 21 poisoned darts (quivered)
Armour
 a - a +0 robe (worn)
 h - a +0 cloak (worn)
 k - a +1 pair of boots (worn)
Scrolls
 c - 2 scrolls of teleportation
 e - 2 scrolls of remove curse
 i - 3 scrolls of blinking
Potions
 f - 2 potions of haste


   Skills:
 - Level 0.2 Fighting
 + Level 1.5 Throwing
 * Level 4.2 Dodging
 + Level 2.6 Stealth
 + Level 2.5 Spellcasting
 + Level 2.4 Transmutations
 + Level 4.2 Poison Magic


You had 8 spell levels left.
You knew the following spells:

 Your Spells              Type           Power        Failure   Level
a - Sting                 Tmut/Pois      44%          5%          1

Your spell library contained the following spells:

 Spells                   Type           Power        Failure   Level
 Poisonous Vapours        Pois/Air       16%          14%         2
 Ignite Poison            Fire/Tmut/Pois 8%           26%         3
 Mephitic Cloud           Conj/Pois/Air  6%           34%         3
 Olgreb's Toxic Radiance  Pois           14%          36%         4


Dungeon Overview and Level Annotations

Branches:
Dungeon (3/15)

Altars:
Trog
The Shining One

Annotations:
D:3 Ijyb


Message History

The sting hits the orc.
The orc is poisoned.
The orc is moderately wounded.
Ijyb screams, "You nasty!
Big nasty!"
You kill the orc!
Casting: Sting (safe; 5% risk of failure)
Confirm with . or Enter, or press ? or * to list all spells.
Aiming: Sting (safe; 5% risk of failure)
Press: ? - help, Shift-Dir - straight line, f - Ijyb
Aim: Ijyb, wearing a +0 leather armour and carrying a wand of disintegration (13) (36% to evade)
The sting hits Ijyb.
Ijyb is poisoned.
Ijyb is lightly wounded.
Ijyb drinks a potion.
Ijyb is healed!
Ijyb looks more healthy.
Unknown command.
Throw: 22 darts (poison)
Press: ? - help, Q - select action, (/) - cycle Shift-Dir - straight line, f/p - Ijyb
Aim: Ijyb, wearing a +0 leather armour and carrying a wand of disintegration (13) (50% to hit)
You throw a poisoned dart. The poisoned dart hits Ijyb.
Ijyb zaps a wand.
You are blasted!
Ouch! That really hurt!
You die...

*.*** #.# *,*,* #)# *,
*,* #.#####.#,* #.# *,
*,*** ##.......#** #o# *,
*,*,* #####...###### #.#
*, *,*,* #........# #g#
*, *,*,*##.###....# #.#
*, ,,***#..# ##.#.# #.#
*, *,* ####
#.#.###########.# *, *,**
#....@..go(.o†..#****,
*,,*
###.#############*,,,,
**,* ### *,**, **,*
******,**, ,>,*
*,,,,,,,,, *,,**** *****
******,*,*,*,*, ,,,,,,*
*,,,*** **,,*,*,,,,,,,,,
*,,*,**
*,,,+,****,,,,,,,,,⌠,,,,,
**,*,*
*,,,**,,*,,,,,,,,,,,,,_,,


You could see Ijyb and 2 orcs.

Vanquished Creatures
  An orc wizard (D:3)
  An iguana (D:2)
  2 adders (D:2)
  An ooze (D:1)
  2 dart slugs (D:1)
  2 worms (D:2)
  2 leopard geckos
  An orc (D:3)
  4 bats
  A giant cockroach (D:3)
  6 goblins
  6 hobgoblins
  2 jackals (D:1)
  5 kobolds
  A quokka (D:2)
  A ball python (D:1)
  6 frilled lizards
  9 rats
53 creatures vanquished.

Notes
Turn   | Place    | Note
-------+----------+-------------------------------------------
     0 | D:1      | leviel the Merfolk Venom Mage began the quest for the Orb.
     0 | D:1      | Reached XP level 1. HP: 13/13 MP: 3/3
    69 | D:1      | Reached XP level 2. HP: 9/19 MP: 1/5
   782 | D:1      | Reached XP level 3. HP: 23/24 MP: 6/6
  1357 | D:2      | Reached skill level 1 in Throwing
  1357 | D:2      | Reached XP level 4. HP: 23/30 MP: 5/7
  1740 | D:2      | Found a glowing golden altar of the Shining One.
  2589 | D:3      | Found a bloodstained altar of Trog.
  2703 | D:3      | Noticed Ijyb
  2712 | D:3      | Reached XP level 5. HP: 21/35 MP: 4/8
  2731 | D:3      | Blown up by Ijyb

Illustrated notes

Levels and vault maps discovered:
D:1:      minmay_arrival_hallway, layout_loops_ring
D:2:      layout_loops_corners, overflow_temple_1_default
D:3:      layout_loops_ring, lemuel_crystal_altar,
          nicolae_overflow_crystal_walls, fedhas_altar_2, elyvilon_altar_5,
          serial_aquarium, aquarium_bridge_island_small
          [aquarium_subvault_small_water, aquarium_subvault_window,
          aquarium_subvault_wall, aquarium_subvault_window,
          aquarium_subvault_bridge], aquarium_bridge_straight
          [aquarium_subvault_bridge, aquarium_subvault_wall,
          aquarium_subvault_bridge, aquarium_subvault_wall],
          aquarium_window_corridor_1, aquarium_window_fake, aquarium_window_1,
          aquarium_window_1, aquarium_view_2c, hangedman_decor_diamond_cutter,
          minmay_misc_feat_iff, eino_tiny_chamber, makhleb_altar_promises_db,
          uniq_ijyb, uniq_crazy_yiuf_cottage

Skill      XL: |  1  2  3  4 |
---------------+-------------+-----
Dodging        | 3 4 |  4.2
Throwing       | 1 |  1.5
Poison Magic   | 4 |  4.2
Transmutations | 2 |  2.4
Fighting       | |  0.2
Stealth        | |  2.6
Spellcasting   | |  2.5

Action                   |  1- 3 |  4- 6 || total
-------------------------+-------+-------++-------
Melee: Unarmed           |    20 |    20 ||    40
Throw: Dart              |    35 |    25 ||    60
 Cast: Sting             |    20 |    32 ||    52
  Use: Scroll            |       |     7 ||     7
       Potion            |       |     1 ||     1
Armor: Robe              |     8 |     6 ||    14
Dodge: Dodged            |    28 |    33 ||    61
